 Dungeon Crawl Stone Soup version 0.30-a0-719-gcc4359ea44 (webtiles) character file.

Game seed: 13690826909922838630

185 Mitcholas the Shooter (level 5, -5/41 HPs)
             Began as a Draconian Hunter on Jan 26, 2023.
             Killed by nerve-wracking pain
             ... invoked by Grinder
              (8 damage)
             ... on level 3 of the Dungeon.
             The game lasted 00:04:13 (1943 turns).

Mitcholas the Shooter (Draconian Hunter)            Turns: 1943, Time: 00:04:14

Health: -5/41      AC:  7    Str: 13    XL:     5   Next: 37%
Magic:  5/5        EV: 12    Int: 10    God:
Gold:   103        SH:  0    Dex: 16    Spells: 4/4 levels left

rFire   . . .      SeeInvis .    a - +0 shortbow
rCold   . . .      Faith    .    (shield currently unavailable)
rNeg    . . .      Spirit   .    (body armour unavailable)
rPois   .          Reflect  .    (helmet restricted)
rElec   .          Harm     .    q - +0 cloak
rCorr   .          Rampage  .    (no gloves)
Will    .....                    j - +0 pair of boots
Stlth   ++                       (no amulet)
HPRegen 0.26/turn                (no ring)
MPRegen 0.09/turn                (no ring)

@: no status effects
A: AC +5, unfitting armour, cold-blooded
a: no special abilities


You were on level 3 of the Dungeon.
You visited 1 branch of the dungeon, and saw 3 of its levels.

You collected 103 gold pieces.

Inventory:

Hand Weapons
 a - a +0 shortbow (weapon)
Armour
 j - a +0 pair of boots (worn)
 q - a +0 cloak (worn)
Scrolls
 b - 2 scrolls of immolation
 c - 3 scrolls of identify {unknown}
 d - 3 scrolls of teleportation {unknown}
 g - a scroll of enchant armour {unknown}
 h - a scroll of magic mapping {unknown}
 l - a scroll of enchant weapon {unknown}
 n - a scroll of silence {unknown}
 r - a scroll of poison {unknown}
Potions
 e - a potion of mutation {unknown}
 f - 3 potions of curing {unknown}
 i - a potion of flight {unknown}
 k - a potion of degeneration {unknown}
 m - a potion of invisibility {unknown}
 o - a potion of cancellation {unknown}
 p - a potion of resistance {unknown}


   Skills:
 - Level 2.1 Fighting
 + Level 6.1 Ranged Weapons
 - Level 1.7 Dodging
 - Level 0.8 Stealth


You had 4 spell levels left.
You didn't know any spells.
Your spell library contained the following spells:

 Spells                   Type           Power      Damage    Failure   Level
 Slow                     Hex            0%         N/A       36%         1
 Ensorcelled Hibernation  Hex/Ice        0%         N/A       50%         2
 Passwall                 Tmut/Erth      0%         N/A       50%         2
 Confusing Touch          Hex            0%         N/A       75%         3
 Swiftness                Air            0%         N/A       75%         3
 Vampiric Draining        Necr           0%         2d6       75%         3


Dungeon Overview and Level Annotations

Branches:
Dungeon (3/15)

Altars:

Annotations:
D:3 Grinder


Innate Abilities, Weirdness & Mutations

Your plain brown scales are hard. (AC +5)
You cannot fit into any form of body armour.
You are cold-blooded and may be slowed by cold attacks.


Message History

[Y]es or [N]o only, please.
Really target yourself? [Y]es or [N]o only, please.
Really target yourself? [Y]es or [N]o only, please.
Really target yourself? [Y]es or [N]o only, please.
Really target yourself? [Y]es or [N]o only, please.
Really target yourself?
Okay, then.
You now have 103 gold pieces (gained 4).
Things that are here:
a +0 whip; a +2 ring mail of willpower
r - a scroll labelled GUOH QEFOCE
Things that are here:
a +0 club; a +0 ring mail Fire: a) +0 shortbow
Press: ? - help, Q - select action Shift-Dir - straight line, f - Grinder
Aim: Grinder (almost dead, 61% to hit)
You shoot an arrow. The arrow hits Grinder.
Grinder is almost dead.
Grinder gestures at you. Pain shoots through your body!
* * * LOW HITPOINT WARNING * * *
Fire: a) +0 shortbow
Press: ? - help, Q - select action Shift-Dir - straight line, f/p - Grinder
Aim: Grinder (almost dead, 61% to hit)
You shoot an arrow.
The arrow hits Grinder but does no damage.
Grinder is almost dead.
Fire: a) +0 shortbow
Press: ? - help, Q - select action Shift-Dir - straight line, f/p - Grinder
Aim: Grinder (almost dead, 61% to hit)
You shoot an arrow.
The arrow hits Grinder but does no damage.
Grinder is almost dead.
Grinder gestures at you. Pain shoots through your body!
You die...

.....###ยง#.....#
.....#
#.#.....#....#.#
.....#
#............#.##
.###.#
#####'#.........
.###.# ###.#.####.#.##
...... ...... .....
.###... ...## #.#.#
.o.
####.#)####.#.######.
....
......$.@5...........
.....
####...####.#.#####. .
.... #... #.#.#####...
.### #... #...........
#...####...........
####..........#####...
......####...#
#...........#
#....####...#####


You could see Grinder.

Vanquished Creatures
  Terence (D:3)
  An orc wizard (D:3)
  An adder (D:3)
  4 gnolls (D:2)
  6 dart slugs
  8 orcs (D:3)
  3 ball pythons
  6 bats
  8 endoplasms
  4 giant cockroaches
  5 goblins
  4 hobgoblins
  2 kobolds
  3 quokkas
  2 frilled lizards (D:2)
  5 rats
63 creatures vanquished.

Notes
Turn   | Place    | Note
-------+----------+-------------------------------------------
     0 | D:1      | Mitcholas the Draconian Hunter began the quest for the Orb.
     0 | D:1      | Reached XP level 1. HP: 17/17 MP: 1/1
    54 | D:1      | Reached skill level 4 in Ranged Weapons
    65 | D:1      | Reached XP level 2. HP: 24/24 MP: 2/2
   472 | D:2      | Reached XP level 3. HP: 29/29 MP: 3/3
   642 | D:2      | Found a faded altar of an unknown god.
   832 | D:2      | Reached skill level 5 in Ranged Weapons
   837 | D:2      | Reached XP level 4. HP: 36/36 MP: 4/4
  1576 | D:3      | Reached XP level 5. HP: 31/41 MP: 5/5
  1640 | D:3      | Noticed Grinder
  1746 | D:3      | Noticed Terence
  1755 | D:3      | Killed Terence
  1756 | D:3      | Reached skill level 6 in Ranged Weapons
  1914 | D:3      | Paralysed by Grinder for 3 turns
  1933 | D:3      | HP: 2/41 [Grinder (4)]
  1941 | D:3      | HP: 2/41 [Grinder/nerve-wracking pain (2)]
  1943 | D:3      | Killed from afar by Grinder

Illustrated notes

Levels and vault maps discovered:
D:1:      dpeg_arrival_shelter, layout_rooms
D:2:      layout_loops_corners, basic_ecumenical_altar
D:3:      layout_basic, lemuel_tele_altar, minmay_misc_feat_hallway,
          uniq_grinder, uniq_terence, uniq_natasha

Skill      XL: |  1  2  3  4  5 |
---------------+----------------+-----
Ranged Weapons | 4 5 6 |  6.1
Fighting       | |  2.1
Dodging        | |  1.7
Stealth        | |  0.8

Action                     |  1- 3 |  4- 6 || total
---------------------------+-------+-------++-------
   Fire: Shortbow          |    96 |   128 ||   224
 Armour: Skin              |    11 |    22 ||    33
  Dodge: Dodged            |    23 |    34 ||    57

Table legend: (Time is in decaauts)
 A = Elapsed time spent in this place.
 B = Non-inter-level travel time spent in this place.
 C = Inter-level travel time spent in this place.
 D = Time resting spent in this place.
 E = Time spent auto-exploring this place.
 F = Levels seen in this place.
 G = Mean time per level.
                   A        B        C        D        E       F      G
               +--------+--------+--------+--------+--------+-----+--------+
         Total |   1997 |   1907 |     90 |    148 |   1328 |   3 |  665.7 |
       Dungeon |   1997 |   1907 |     90 |    148 |   1328 |   3 |  665.7 |
               +--------+--------+--------+--------+--------+-----+--------+

Top non-repeatable levels by time:
     D:2: 989 daAuts
     D:3: 544 daAuts
     D:1: 463 daAuts
